 Dungeon Crawl Stone Soup version 0.27-a0-1105-g946c659c87 (webtiles) character file.

Game seed: 12167911463636671203

30 senseless the Skirmisher (level 3, -4/33 HPs)
             Began as a Hill Orc Fighter on Apr 30, 2021.
             Killed from afar by Sigmund (7 damage)
             ... with a magic dart
             ... on level 2 of the Dungeon.
             The game lasted 00:01:55 (1128 turns).

senseless the Skirmisher (Hill Orc Fighter)         Turns: 1128, Time: 00:01:56

Health: -4/33      AC:  8    Str: 19    XL:     3   Next: 20%
Magic:  3/3        EV:  7    Int:  8    God:
Gold:   171        SH:  9    Dex: 10    Spells: 2/2 levels left

rFire    . . .     SeeInvis .   a - +0 war axe
rCold    . . .     Faith    .   c - +0 kite shield
rNeg     . . .     Spirit   .   b - +0 scale mail
rPois    .         Reflect  .   g - +0 helmet
rElec    .         Harm     .   (no cloak)
rCorr    .         Rampage  .   (no gloves)
Will     .....                  (no boots)
Stlth    ..........             (no amulet)
HPRegen  0.11/turn              (no ring)
MPRegen  0.08/turn              (no ring)

@: mighty
A: no striking features
a: no special abilities


You were on level 2 of the Dungeon.
You visited 1 branch of the dungeon, and saw 2 of its levels.

You collected 171 gold pieces.

Inventory:

Hand Weapons
 a - a +0 war axe (weapon)
Armour
 b - a +0 scale mail (worn)
 c - a +0 kite shield (worn)
 g - a +0 helmet (worn)
Scrolls
 e - 2 scrolls of enchant weapon {unknown}
 f - a scroll of enchant armour {unknown}


   Skills:
 + Level 4.1 Fighting
 + Level 3.4 Axes
 + Level 3.6 Armour
 + Level 3.5 Shields


You had 2 spell levels left.
You didn't know any spells.
Your spell library was empty.

Dungeon Overview and Level Annotations

Branches:
Dungeon (2/15)

Altars:

Annotations:
D:2 Sigmund


Message History

f - a scroll labelled LALU ERANG You now have 171 gold pieces (gained 10).
You see here a +0 ring mail.
Sigmund the Dreaded comes into view.
He is wielding a +0 scythe and carrying a wand of flame (23).
Sigmund shouts!
Sigmund zaps a wand.
The puff of flame hits you!
You start resting.
Sigmund is nearby!
Sigmund looks at you with fury.
Sigmund points at you and mumbles some strange words.
The magic dart hits you but does no damage.
Sigmund hits you with a +0 scythe.
You barely miss Sigmund. You block Sigmund's attack.
Sigmund hits you with a +0 scythe.
You closely miss Sigmund. Sigmund casts a spell at you.
The magic dart hits you but does no damage.
You slash Sigmund!
Sigmund is moderately wounded.
You block Sigmund's attack.
Sigmund zaps a wand.
The puff of flame hits you.
You are too injured to fight recklessly!
You are too injured to fight recklessly!
You are too injured to fight recklessly!
You hit Sigmund but do no damage.
Sigmund is moderately wounded.
Sigmund hits you with a +0 scythe. Sigmund hits you but does no damage.
You completely miss Sigmund.
Sigmund is moderately wounded.
Sigmund barely misses you.
You feel very mighty all of a sudden. Sigmund hits you with a +0 scythe!
* * * LOW HITPOINT WARNING * * *
You slash Sigmund!
Sigmund is severely wounded.
Sigmund closely misses you. Sigmund barely misses you.
You barely miss Sigmund.
Sigmund is severely wounded.
Sigmund points at you and mumbles some strange words.
The magic dart hits you!
You die...

.....## #.###.....#
#.#.......#
#.#.#.....###
###.........#.#
#...........#.##
##.......@......#
#.......@.......####
##......###........##
#......# #..........
#......# #..........
#####.## ###........
#######.# #........
#....##.######........
#.....#........@......
#.PPP.P.####.#........


You could see Sigmund.

Vanquished Creatures
  A dart slug (D:1)
  3 endoplasms (D:1)
  2 giant cockroaches (D:1)
  3 goblins (D:1)
  4 hobgoblins (D:1)
  3 jackals (D:1)
  2 quokkas (D:1)
  3 ball pythons (D:1)
  A kobold (D:1)
  A rat (D:1)
23 creatures vanquished.

Vanquished Creatures (others)
  4 toadstools (D:2)
4 creatures vanquished.

Grand Total: 27 creatures vanquished

Notes
Turn   | Place    | Note
-------+----------+-------------------------------------------
     0 | D:1      | senseless the Hill Orc Fighter began the quest for the Orb.
     0 | D:1      | Reached XP level 1. HP: 19/19 MP: 1/1
    40 | D:1      | Reached XP level 2. HP: 25/27 MP: 2/2
   239 | D:1      | You fall into a shaft and drop 1 floor!
   293 | D:1      | Reached skill level 4 in Fighting
   526 | D:1      | Reached XP level 3. HP: 26/33 MP: 3/3
  1106 | D:2      | Noticed Sigmund
  1128 | D:2      | Killed from afar by Sigmund

Illustrated notes

Levels and vault maps discovered:
D:1:      denvon_arrival_waterhouse, layout_basic
D:2:      layout_basic, basic_altar, minivault_4, st_stairs_1,
          amcnicky_mini_pool_small, minmay_gold_behind_fungi, uniq_jessica,
          uniq_sigmund

Skill      XL: |  1  2 |
---------------+-------+-----
Axes           | 3 |  3.4
Fighting       | 4 |  4.1
Armour         | |  3.6
Shields        | |  3.5

Action                   || total
-------------------------++-------
Melee: War axe           ||    58
  Use: Potion            ||     1
Armor: Scale mail        ||    20
Dodge: Dodged            ||    21
Block: Kite shield       ||    22

Table legend: (Time is in decaauts)
 A = Elapsed time spent in this place.
 B = Non-inter-level travel time spent in this place.
 C = Inter-level travel time spent in this place.
 D = Time resting spent in this place.
 E = Time spent auto-exploring this place.
 F = Levels seen in this place.
 G = Mean time per level.
                   A        B        C        D        E       F      G
               +--------+--------+--------+--------+--------+-----+--------+
         Total |   1163 |   1153 |     10 |      5 |    967 |   2 |  581.5 |
       Dungeon |   1163 |   1153 |     10 |      5 |    967 |   2 |  581.5 |
               +--------+--------+--------+--------+--------+-----+--------+

Top non-repeatable levels by time:
     D:1: 1049 daAuts
     D:2: 113 daAuts
